 Dungeon Crawl Stone Soup version 0.27-a0-931-g5a74e75d8f (webtiles) character file.

Game seed: 17451568081095084591

49 Mesmaeker13 the Firebug (level 3, 0/21 HPs)
             Began as an Octopode Fire Elementalist on Apr 10, 2021.
             Succumbed to an adder's poison
             ... on level 2 of the Dungeon.
             The game lasted 00:01:57 (1071 turns).

Mesmaeker13 the Firebug (OpFE)                      Turns: 1071, Time: 00:01:57

Health: 0/21       AC:  1    Str:  7    XL:     3   Next: 77%
Magic:  3/6        EV: 14    Int: 18    God:
Gold:   38         SH:  0    Dex: 18    Spells: 6/7 levels left

rFire    . . .     SeeInvis .   c - staff of conjuration
rCold    . . .     Faith    .   (no shield)
rNeg     . . .     Spirit   .   (helmet restricted)
rPois    .         Reflect  .   (no amulet)
rElec    .         Harm     .   e - +6 ring of dexterity
rCorr    .         Rampage  .   (no ring)
Will     .....                  (no ring)
Stlth    +++.......             (no ring)
HPRegen  0.07/turn              (no ring)
MPRegen  0.10/turn              (no ring)
                                (no ring)
                                (no ring)

@: lethally poisoned (0 -> -2)
A: almost no armour, amphibious, 8 rings, camouflage 1, gelatinous body 1,
(nimble swimmer 1), tentacles
a: no special abilities


You were on level 2 of the Dungeon.
You visited 1 branch of the dungeon, and saw 2 of its levels.

You collected 38 gold pieces.

Inventory:

Hand Weapons
 d - a +2 dagger of speed
Magical Staves
 c - a staff of conjuration (weapon)
Jewellery
 e - a +6 ring of dexterity (left tentacle)
Scrolls
 a - a scroll of noise {unknown}
 b - a scroll of magic mapping {unknown}
 f - a scroll of amnesia {unknown}
 g - a scroll of identify {unknown}


   Skills:
 + Level 2.6 Dodging
 - Level 2.6 Stealth
 + Level 2.5 Spellcasting
 + Level 1.8 Conjurations
 + Level 3.4 Fire Magic


You had 6 spell levels left.
You knew the following spells:

 Your Spells              Type           Power      Damage    Failure   Level
a - Foxfire               Conj/Fire      68%        2x1d7     6%          1

Your spell library contained the following spells:

 Spells                   Type           Power      Damage    Failure   Level
 Conjure Flame            Conj/Fire      17%        6-21      17%         3
 Inner Flame              Hex/Fire       8%         N/A       26%         3
 Sticky Flame             Conj/Fire      17%        2d4       50%         4
 Fireball                 Conj/Fire      8%         3d6       85%         5


Dungeon Overview and Level Annotations

Branches:
Dungeon (2/15)

Altars:


Innate Abilities, Weirdness & Mutations

You cannot wear most types of armour.
You are amphibious.
You can wear up to eight rings at the same time.
Your skin changes colour to match your surroundings (Stealth+).
Your rubbery body absorbs attacks. (AC +1, EV +1)
((You are camouflaged near water. (Stealth+)))
You have tentacles for arms and can constrict up to eight enemies at once.


Message History

You feel a surge of power!
You conjure some foxfire!
The adder bites you.
The foxfire hits the adder.
You kill the adder!
The foxfire hits the adder.
The adder is moderately wounded.
Casting: Foxfire (safe; 6% risk of failure)
Confirm with . or Enter, or press ? or * to list all spells.
You feel a surge of power!
You conjure some foxfire!
The adder bites you.
You are poisoned.
The adder poisons you!
You feel sick.
The foxfire hits the adder.
The adder is almost dead.
The foxfire hits the adder.
The adder is almost dead.
The adder bites you.
You are lethally poisoned!
The adder poisons you! The adder barely misses you.
Casting: Foxfire (safe; 6% risk of failure)
Confirm with . or Enter, or press ? or * to list all spells.
You feel a surge of power!
You conjure some foxfire!
You feel sick. The adder bites you.
* * * LOW HITPOINT WARNING * * *
* * * LOW HITPOINT WARNING * * *
You feel sick.
The foxfire hits the adder but does no damage.
The adder is almost dead.
The foxfire hits the adder.
You kill the adder!
Unknown command.
You aren't carrying any potions.
You aren't carrying any potions.
You feel agile.
e - a +6 ring of dexterity (left tentacle)
* * * LOW HITPOINT WARNING * * *
You feel sick.
* * * LOW HITPOINT WARNING * * *
You feel sick.
* * * LOW HITPOINT WARNING * * *
You feel sick.
You die...

##################
#.....@...........
.#######.########.†.###.
..........# #...#
.#######..#######...#
#>.............
#..#######...### #..####
#...# #.....####...#
#........#####


There were no monsters in sight!

Vanquished Creatures
  2 adders (D:2)
  A dart slug (D:1)
  3 ball pythons (D:1)
  3 goblins (D:1)
  2 hobgoblins (D:1)
  3 jackals (D:1)
  4 kobolds (D:1)
  2 quokkas (D:1)
  4 bats (D:1)
  4 frilled lizards (D:1)
  4 rats
32 creatures vanquished.

Vanquished Creatures (others)
  71 foxfires
71 creatures vanquished.

Grand Total: 103 creatures vanquished

Notes
Turn   | Place    | Note
-------+----------+-------------------------------------------
     0 | D:1      | Mesmaeker13 the Octopode Fire Elementalist began the quest
                  | for the Orb.
     0 | D:1      | Reached XP level 1. HP: 11/11 MP: 3/3
   143 | D:1      | Reached XP level 2. HP: 14/17 MP: 0/5
   634 | D:1      | Reached XP level 3. HP: 21/21 MP: 2/6
   789 | D:1      | Found a faded altar of an unknown god.
  1070 | D:2      | HP: 1/21 [poisoned by an adder]
  1071 | D:2      | Succumbed to an adder's poison

Illustrated notes

Levels and vault maps discovered:
D:1:      dpeg_arrival_orchard, layout_rooms,
          hellmonk_ecumenical_altar_dog_temple, minivault_25,
          nrook_loot_triangle, minmay_misc_feat_rows
D:2:      layout_basic, minmay_tree_intersection

Action                   || total
-------------------------++-------
 Cast: Foxfire           ||    40
Armor: Skin              ||     4
Dodge: Dodged            ||    10

Table legend: (Time is in decaauts)
 A = Elapsed time spent in this place.
 B = Non-inter-level travel time spent in this place.
 C = Inter-level travel time spent in this place.
 D = Time resting spent in this place.
 E = Time spent auto-exploring this place.
 F = Levels seen in this place.
 G = Mean time per level.
                   A        B        C        D        E       F      G
               +--------+--------+--------+--------+--------+-----+--------+
         Total |   1069 |   1049 |     20 |    209 |    604 |   2 |  534.5 |
       Dungeon |   1069 |   1049 |     20 |    209 |    604 |   2 |  534.5 |
               +--------+--------+--------+--------+--------+-----+--------+

Top non-repeatable levels by time:
     D:1: 1020 daAuts
     D:2: 49 daAuts
